 Dungeon Crawl Stone Soup version 0.30-a0-141-g30f27751c5 (webtiles) character file.

Game seed: 13930234323743930282

27812 qw the Cleaver (level 13, -2/84 HPs)
             Began as a Gargoyle Fighter on Sept 25, 2022.
             Was a High Priest of Okawaru.
             Slain by a seven-headed hydra (4 damage)
             ... on level 2 of the Lair of Beasts.
             The game lasted 00:05:12 (12270 turns).

qw the Cleaver (Gargoyle Fighter)                  Turns: 12270, Time: 00:05:13

Health: -2/84      AC: 30    Str: 25    XL:     13   Next: 34%
Magic:  15/20      EV:  9    Int:  9    God:    Okawaru [*****.]
Gold:   410        SH:  6    Dex:  9    Spells: 12/12 levels left

rFire   . . .      SeeInvis .    i - +4 morningstar
rCold   . . .      Faith    .    c - +0 buckler
rNeg    + . .      Spirit   .    j - +0 plate armour
rPois   inf        Reflect  .    (no helmet)
rElec   +          Harm     .    (no cloak)
rCorr   .          Rampage  .    s - +0 pair of gloves {hurl}
Will    .....                    o - +1 pair of boots
Stlth   ..........               g - amulet of regeneration
HPRegen 1.04/turn                a - +4 ring of slaying {mikee}
MPRegen 0.17/turn                (no ring)

@: about to teleport, heroic, finesse-ful
A: sickness immunity, AC +9, negative energy resistance 1, electricity
resistance, torment resistance 1, petrification resistance
a: Renounce Religion, Heroism, Finesse, Duel


You were on level 2 of the Lair of Beasts.
You worshipped Okawaru.
Okawaru was extremely pleased with you.
You visited 3 branches of the dungeon, and saw 13 of its levels.

You collected 732 gold pieces.
You spent 322 gold pieces at shops.


Innate Abilities, Weirdness & Mutations

You are immune to sickness and miasma.
Your stone body is resilient. (AC +9)
You are immune to poison.
You resist negative energy. (rN+)
You are resistant to electric shocks. (rElec)
You are resistant to unholy torment.
You are immune to petrification.


   Skills:
 - Level 11.0(16.0) Fighting
 - Level 14.0(19.0) Axes
 - Level 2.2(7.2) Throwing
 - Level 9.0(14.0) Armour
 - Level 2.0(7.0) Dodging
 + Level 6.7(11.7) Shields
 - Level 10.0 Invocations


You had 12 spell levels left.
You didn't know any spells.
Your spell library was empty.

Inventory:

Hand Weapons
 i - a +4 morningstar (weapon)
 Y - a +2 broad axe of venom
Missiles
 p - a boomerang (quivered)
Armour
 c - a +0 buckler (worn)
 j - a +0 plate armour (worn)
 o - a +1 pair of boots (worn)
 s - a +0 pair of gloves of hurling (worn)
Jewellery
 a - a +4 ring of slaying (left hand) {mikee}
 g - an amulet of regeneration (around neck)
 n - a ring of fire
 q - a ring of fire
Wands
 u - a wand of digging (14)
Scrolls
 b - 8 scrolls of teleportation
 f - 6 scrolls of identify
Potions
 d - 4 potions of might
 e - 4 potions of resistance
 h - a potion of haste
 k - 6 potions of attraction
 l - 3 potions of mutation
 m - 2 potions of heal wounds
 r - a potion of curing
 t - 3 potions of lignification

Dungeon Overview and Level Annotations

Branches:
Dungeon (10/15)            Temple (1/1) D:6            Lair (2/5) D:10
    Orc (0/2) D:9
  Swamp: Lair:2-3    Shoals: Lair:2-3     Snake: Lair:2-3    Spider: Lair:2-3

Altars:
Ashenzari
Cheibriados
Dithmenos
Elyvilon
Fedhas
Gozag
Hepliaklqana
Kikubaaqudgha
Makhleb
Nemelex Xobeh
Okawaru
Qazlal
Ru
Sif Muna
Trog
Uskayaw
Vehumet
Wu Jian
Xom
Yredelemnul
Zin
The Shining One

Shops:
D:9 (

Annotations:
D:2 1 runed translucent door, Crazy Yiuf
D:8 3 runed translucent doors, qw's ghost, novice GrFi


Message History

The seven-headed hydra bites you but does no damage. x2
The seven-headed hydra bites you.
The seven-headed hydra bites you but does no damage.
The seven-headed hydra closely misses you.
Your base Fighting skill increases to level 11!
You barely miss the seven-headed hydra. You bludgeon the seven-headed hydra!!
The seven-headed hydra is moderately wounded.
You hit the seven-headed hydra.
The seven-headed hydra is moderately wounded.
The seven-headed hydra bites you! x2
The seven-headed hydra bites you but does no damage. x2
The seven-headed hydra barely misses you. x2
The seven-headed hydra bites you!
You bludgeon the seven-headed hydra!!
The seven-headed hydra is heavily wounded.
You hit the seven-headed hydra.
The seven-headed hydra is heavily wounded.
The seven-headed hydra bites you. The seven-headed hydra bites you!
The seven-headed hydra bites you but does no damage.
The seven-headed hydra barely misses you.
The seven-headed hydra bites you.
The seven-headed hydra bites you but does no damage. x2
You block the eight-headed hydra's attack.
The eight-headed hydra bites you.
You block the eight-headed hydra's attack.
The eight-headed hydra bites you but does no damage. x5
12270 ||| READING 9 scrolls of teleportation.
As you read the scroll of teleportation, it crumbles to dust.
You feel strangely unstable.
The eight-headed hydra bites you but does no damage.
You block the eight-headed hydra's attack.
The eight-headed hydra bites you!
The eight-headed hydra bites you but does no damage. x2
The eight-headed hydra closely misses you.
The eight-headed hydra bites you.
The eight-headed hydra barely misses you.
The seven-headed hydra bites you but does no damage.
The seven-headed hydra bites you. x2
You die...

.. .... .. #..#....
..#..+... ##.#.....
#..#..#.777
##......7.7777
#.........~7.77
##........~~..77
#.......7~~~@D.7
P####......7~~~~Dl7
...........7~~~~7¤7
...........7~~~~7¤¤.
..#.####...7~~~~7
¤.¤ ...
##..7~~~77777..~ ..
##.77777.7777777# .
#.....7...7.7...7###
.
##.................#


You could see an eight-headed hydra, a seven-headed hydra and an iguana.

Vanquished Creatures
  A fire dragon (D:10)
  A yaktaur captain (D:10)
  A hydra (D:10)
  An ogre mage (D:10)
  2 centaur warriors (D:10)
  A boulder beetle (D:10)
  3 two-headed ogres (D:10)
  A fire crab (shapeshifter) (D:10)
  A deep elf archer (D:10)
  2 orc knights (D:10)
  3 deep elf pyromancers
  A manticore (D:10)
  A black mamba (Lair:1)
  4 cane toads
  3 gargoyles (D:8)
  An unseen horror (D:10)
  Psyche (D:10)
  2 rime drakes
  3 kobold demonologists (D:10)
  A komodo dragon (Lair:2)
  An ice devil (D:8)
  3 blink frogs (Lair:1)
  2 trolls (D:10)
  3 hornets
  2 polar bears (Lair:1)
  A hornet (shapeshifter) (D:10)
  Prince Ribbit (D:9)
  3 vampires (D:10)
  A shadow (D:10)
  3 wyverns
  2 wraiths (D:10)
  A centaur simulacrum (D:10)
  A fire elemental (D:8)
  7 yaks
  2 basilisks (D:10)
  A golden eye (shapeshifter) (D:9)
  Grum (D:9)
  3 steam dragons (D:8)
  A vampire mosquito (D:10)
  A swamp worm (Lair:2)
  5 wargs
  An acid dragon (D:10)
  3 water moccasins
  An ice beast (D:4)
  2 sky beasts (D:7)
  12 orc warriors
  A black bear (D:5)
  6 centaurs
  5 ogres
  8 wolves
  A phantom (D:4)
  7 bullfrogs
  2 kobold brigands (D:10)
  3 necrophages
  3 gnoll sergeants
  3 wyvern zombies (D:7)
  2 scorpions (D:5)
  10 wights
  6 killer bees (D:6)
  5 howler monkeys
  A bullfrog zombie (D:7)
  2 jellies
  12 orc priests
  2 gnoll boudas
  2 hounds
  Jessica (D:2)
  3 iguanas
  13 orc wizards
  Natasha (thrice) (D:2)
  A howler monkey zombie (D:7)
  15 gnolls
  9 adders
  A shadow imp (D:8)
  A white imp (D:7)
  An ufetubus (D:4)
  A worm (D:3)
  A dart slug (D:2)
  37 orcs
  5 bats
  6 endoplasms
  2 giant cockroaches (D:1)
  9 goblins
  7 hobgoblins
  2 jackals (D:5)
  11 kobolds
  6 quokkas
  5 ball pythons
  4 frilled lizards
  2 rats
325 creatures vanquished.

Vanquished Creatures (others)
  A kobold (D:10)
  2 fungi (Lair:1)
  5 plants
8 creatures vanquished.

Grand Total: 333 creatures vanquished

Notes
Turn   | Place    | Note
-------+----------+-------------------------------------------
     0 | D:1      | qw the Gargoyle Fighter began the quest for the Orb.
     0 | D:1      | Reached XP level 1. HP: 14/14 MP: 1/1
     0 | D:1      | 0 ||| qw: Version: 0.2-a-10-g399e6c4
     0 | D:1      | 0 ||| qw: Game counter: 251
     0 | D:1      | 0 ||| qw: Always use a shield: true
     0 | D:1      | 0 ||| qw: God list: Okawaru
     0 | D:1      | 0 ||| qw: Allow faded altars: false
     0 | D:1      | 0 ||| qw: Do Orc after D:15 true
     0 | D:1      | 0 ||| qw: Do second Lair branch before Depths: true
     0 | D:1      | 0 ||| qw: Lair rune preference: random
     0 | D:1      | 0 ||| qw: Plans: Normal, Zot:1-4, God:TSO, Crypt, Tomb,
                  | Pan, Slime:5, Hells, Abyss, Orb
     0 | D:1      | 0 ||| PLANNING D:1-11
    36 | D:1      | Reached skill level 2 in Axes
   221 | D:1      | Reached XP level 2. HP: 19/19 MP: 2/2
   294 | D:1      | 294 ||| Stepping ~*~*~tactically~*~*~ (stealth).
   295 | D:1      | 295 ||| Stepping ~*~*~tactically~*~*~ (stealth).
   430 | D:1      | Found a faded altar of an unknown god.
   468 | D:1      | Noticed a floating eye
   470 | D:1      | Noticed an eye of devastation
   470 | D:1      | Noticed a great orb of eyes
   470 | D:1      | Noticed a great orb of eyes
   617 | D:1      | Reached skill level 3 in Axes
   847 | D:1      | Reached XP level 3. HP: 23/23 MP: 3/3
  1094 | D:1      | 1094 ||| DROPPING ring of magical power.
  1095 | D:1      | 1095 ||| READING scroll labelled IMOKKE OMIU.
  1096 | D:1      | 1096 ||| READING scroll labelled RAEROF OTYJAWO.
  1097 | D:1      | 1097 ||| DRINKING 2 purple potions.
  1133 | D:2      | 1133 ||| STAIRDANCE
  1255 | D:2      | Noticed Jessica
  1259 | D:2      | Killed Jessica
  1260 | D:2      | Reached XP level 4. HP: 27/28 MP: 4/4
  1466 | D:2      | 1466 ||| Stepping ~*~*~tactically~*~*~ (hiding).
  1487 | D:2      | 1487 ||| Stepping ~*~*~tactically~*~*~ (stealth).
  1521 | D:2      | Reached skill level 4 in Axes
  1695 | D:2      | Noticed Natasha
  1709 | D:2      | Killed Natasha
  1831 | D:2      | 1831 ||| Stepping ~*~*~tactically~*~*~ (stealth).
  1868 | D:2      | Noticed Natasha
  1881 | D:2      | Killed Natasha
  1882 | D:2      | Reached XP level 5. HP: 13/32 MP: 5/5
  2262 | D:2      | Noticed Natasha
  2263 | D:2      | 2263 ||| Stepping ~*~*~tactically~*~*~ (stealth).
  2278 | D:2      | Killed Natasha
  2435 | D:2      | Found a runed translucent door.
  2436 | D:2      | Noticed Crazy Yiuf
  2717 | D:2      | 2717 ||| UPGRADING to +4 ring of slaying {mikee}.
  2718 | D:2      | 2718 ||| READING scroll labelled POCZOH WOARGHU.
  2719 | D:2      | 2719 ||| READING scroll labelled QAUHUSCH VUTELU.
  2855 | D:3      | Reached skill level 5 in Axes
  2925 | D:3      | 2925 ||| Stepping ~*~*~tactically~*~*~ (stealth).
  2956 | D:3      | 2956 ||| Stepping ~*~*~tactically~*~*~ (stealth).
  3191 | D:3      | 3191 ||| DROPPING +0 whip.
  3257 | D:3      | Reached XP level 6. HP: 38/38 MP: 6/6
  3272 | D:3      | Reached skill level 1 in Dodging
  3311 | D:3      | Identified the +4 spear of Eternal Vigilance {freeze, rF+
                  | rN+}
  3493 | D:3      | 3493 ||| UPGRADING to +0 chain mail.
  3503 | D:3      | 3503 ||| DROPPING +0 scale mail.
  3504 | D:3      | 3504 ||| UPGRADING to +0 plate armour.
  3514 | D:3      | 3514 ||| DROPPING +0 chain mail.
  3515 | D:3      | 3515 ||| UPGRADING to +0 pair of boots.
  3823 | D:4      | 3823 ||| Stepping ~*~*~tactically~*~*~ (hiding).
  3847 | D:4      | Noticed an ice beast
  3857 | D:4      | Killed an ice beast
  3858 | D:4      | Reached skill level 6 in Axes
  3858 | D:4      | Reached XP level 7. HP: 43/43 MP: 7/7
  3866 | D:4      | Identified the +5 short sword of Elogih {vorpal, *Corrode
                  | rC++ Dex+5}
  3980 | D:4      | Found a bloodstained altar of Trog.
  4137 | D:4      | 4137 ||| Stepping ~*~*~tactically~*~*~ (stealth).
  4384 | D:4      | Found a sparkling altar of Nemelex Xobeh.
  4414 | D:4      | 4414 ||| READING scroll labelled RONOR RESIAXZE.
  4415 | D:4      | 4415 ||| READING scroll labelled OGGE MECANWAEL.
  4416 | D:4      | 4416 ||| READING scroll labelled MUGAOJ SUGRAE.
  4417 | D:4      | 4417 ||| READING 2 scrolls labelled BYSESEGIAPP.
  4418 | D:4      | 4418 ||| DRINKING 2 pink potions.
  4419 | D:4      | 4419 ||| DRINKING 2 amethyst potions.
  4420 | D:4      | 4420 ||| READING 3 scrolls of identify.
  4420 | D:4      | 4420 ||| IDENTIFYING ruby potion
  4421 | D:4      | 4421 ||| READING 2 scrolls of identify.
  4421 | D:4      | 4421 ||| IDENTIFYING fuming pink potion
  4422 | D:4      | 4422 ||| DROPPING potion of invisibility.
  4423 | D:4      | 4423 ||| DROPPING potion of degeneration.
  4424 | D:4      | 4424 ||| DROPPING scroll of poison.
  4447 | D:5      | Entered Level 5 of the Dungeon
  4448 | D:5      | 4448 ||| STAIRDANCE
  4455 | D:4      | Reached skill level 7 in Axes
  4470 | D:5      | 4470 ||| STAIRDANCE
  4555 | D:5      | 4555 ||| STAIRDANCE
  4579 | D:5      | 4579 ||| STAIRDANCE
  4601 | D:5      | 4601 ||| STAIRDANCE
  4617 | D:4      | Reached XP level 8. HP: 18/49 MP: 8/8
  4815 | D:5      | 4815 ||| STAIRDANCE
  4817 | D:5      | 4817 ||| STAIRDANCE
  4819 | D:5      | 4819 ||| STAIRDANCE
  4910 | D:4      | 4910 ||| DRINKING 2 fizzy green potions.
  4914 | D:5      | 4914 ||| STAIRDANCE
  4965 | D:5      | 4965 ||| Stepping ~*~*~tactically~*~*~ (hiding).
  4970 | D:5      | 4970 ||| DRINKING potion of curing.
  4970 | D:5      | 4970 ||| (to cure confusion)
  5133 | D:5      | 5133 ||| Stepping ~*~*~tactically~*~*~ (stealth).
  5209 | D:5      | Identified the +9 whip of the Telling Saviour {speed, Fly}
  5211 | D:5      | 5211 ||| DROPPING +0 flail.
  5219 | D:5      | 5219 ||| Stepping ~*~*~tactically~*~*~ (stealth).
  5231 | D:5      | Reached skill level 8 in Axes
  5292 | D:5      | 5292 ||| Stepping ~*~*~tactically~*~*~ (stealth).
  5295 | D:5      | 5295 ||| Stepping ~*~*~tactically~*~*~ (stealth).
  5297 | D:5      | 5297 ||| Stepping ~*~*~tactically~*~*~ (hiding).
  5414 | D:5      | Reached skill level 6 in Fighting
  5417 | D:5      | Found a shadowy altar of Dithmenos.
  5452 | D:5      | Found a broken altar of Ashenzari.
  5587 | D:5      | 5587 ||| READING scroll labelled GOABAS GUFIST.
  5588 | D:5      | 5588 ||| READING scroll labelled BOSCHEL UCLEH.
  5589 | D:5      | 5589 ||| DRINKING 2 coppery potions.
  5590 | D:5      | 5590 ||| DROPPING potion of brilliance.
  5607 | D:6      | 5607 ||| PLANNING SEWER
  5679 | D:6      | Reached XP level 9. HP: 56/56 MP: 9/9
  5714 | D:6      | Reached skill level 9 in Axes
  5867 | D:6      | Identified the +0 short sword of Bile {holy, *Slow rF-
                  | Str+9 Dex+6}
  5924 | D:6      | 5924 ||| Stepping ~*~*~tactically~*~*~ (stealth).
  5925 | D:6      | Found a staircase to the Ecumenical Temple.
  5929 | D:6      | 5929 ||| Stepping ~*~*~tactically~*~*~ (stealth).
  5974 | D:6      | 5974 ||| Stepping ~*~*~tactically~*~*~ (stealth).
  6087 | D:6      | 6087 ||| DROPPING +9 whip of the Telling Saviour {speed,
                  | Fly}.
  6230 | D:6      | 6230 ||| Stepping ~*~*~tactically~*~*~ (hiding).
  6231 | D:6      | 6231 ||| Stepping ~*~*~tactically~*~*~ (hiding).
  6232 | D:6      | 6232 ||| Stepping ~*~*~tactically~*~*~ (hiding).
  6233 | D:6      | 6233 ||| Stepping ~*~*~tactically~*~*~ (hiding).
  6360 | D:6      | 6360 ||| RIP SEWER
  6408 | D:6      | 6408 ||| PLANNING TEMPLE
  6408 | D:6      | 6408 ||| UPGRADING to amulet of regeneration.
  6413 | D:6      | 6413 ||| READING scroll labelled JISTRI ATRUF.
  6414 | D:6      | 6414 ||| DRINKING 2 silvery potions.
  6415 | D:6      | 6415 ||| READING 2 scrolls of identify.
  6415 | D:6      | 6415 ||| IDENTIFYING orange potion
  6460 | D:6      | Reached skill level 6 in Armour
  6464 | Temple   | Entered the Ecumenical Temple
  6473 | Temple   | 6473 ||| PLANNING OKAWARU WORSHIP
  6581 | Temple   | Became a worshipper of Warmaster Okawaru
  6582 | Temple   | 6582 ||| PLANNING D:1-11
  6956 | D:7      | 6956 ||| Stepping ~*~*~tactically~*~*~ (hiding).
  6976 | D:7      | HP: 13/57 [gnoll sergeant/+6 spear (4)]
  6977 | D:7      | 6977 ||| DRINKING potion of heal wounds.
  7106 | D:7      | Reached * piety under Okawaru
  7107 | D:7      | Reached skill level 10 in Axes
  7113 | D:7      | 7113 ||| FLEEEEING.
  7114 | D:7      | 7114 ||| FLEEEEING.
  7120 | D:7      | Reached skill level 1 in Invocations
  7385 | D:7      | 7385 ||| Stepping ~*~*~tactically~*~*~ (hiding).
  7391 | D:7      | 7391 ||| Stepping ~*~*~tactically~*~*~ (hiding).
  7420 | D:7      | 7420 ||| INVOKING Heroism.
  7424 | D:7      | Reached XP level 10. HP: 29/64 MP: 8/11
  7767 | D:8      | 7767 ||| Stepping ~*~*~tactically~*~*~ (hiding).
  7772 | D:8      | 7772 ||| INVOKING Heroism.
  7781 | D:8      | 7781 ||| Stepping ~*~*~tactically~*~*~ (stealth).
  7794 | D:8      | Reached skill level 3 in Invocations
  7891 | D:8      | Noticed a gargoyle
  7895 | D:8      | Noticed a gargoyle
  8052 | D:8      | Noticed a gargoyle
  8059 | D:8      | 8059 ||| INVOKING Heroism.
  8064 | D:8      | 8064 ||| Stepping ~*~*~tactically~*~*~ (cloud).
  8085 | D:8      | Noticed a deep elf pyromancer
  8088 | D:8      | 8088 ||| Stepping ~*~*~tactically~*~*~ (hiding).
  8095 | D:8      | Killed a deep elf pyromancer
  8117 | D:8      | 8117 ||| Stepping ~*~*~tactically~*~*~ (hiding).
  8124 | D:8      | 8124 ||| INVOKING Heroism.
  8127 | D:8      | HP: 10/64 [gargoyle/stone arrow (14)]
  8128 | D:8      | 8128 ||| READING 4 scrolls of teleportation.
  8129 | D:8      | 8129 ||| DRINKING potion of heal wounds.
  8183 | D:8      | Reached ** piety under Okawaru
  8193 | D:8      | Killed a gargoyle
  8195 | D:8      | 8195 ||| INVOKING Heroism.
  8196 | D:8      | HP: 8/64 [gargoyle/stone arrow (21)]
  8197 | D:8      | 8197 ||| READING 3 scrolls of teleportation.
  8200 | D:8      | HP: 2/64 [gargoyle/+0 mace (9)]
  8336 | D:8      | 8336 ||| Stepping ~*~*~tactically~*~*~ (hiding).
  8539 | D:8      | Found a runed translucent gate.
  8539 | D:8      | Noticed qw's ghost (novice GrFi)
  8540 | D:8      | Found a runed translucent gate.
  8541 | D:8      | Found a runed translucent gate.
  8638 | D:8      | 8638 ||| Stepping ~*~*~tactically~*~*~ (hiding).
  8644 | D:8      | Killed a gargoyle
  8645 | D:8      | Reached skill level 11 in Axes
  8665 | D:8      | 8665 ||| INVOKING Heroism.
  8698 | D:8      | 8698 ||| Stepping ~*~*~tactically~*~*~ (hiding).
  8707 | D:8      | Killed a gargoyle
  8750 | D:8      | 8750 ||| INVOKING Heroism.
  8846 | D:8      | 8846 ||| DRINKING 2 metallic black potions.
  8872 | D:8      | 8872 ||| READING 3 scrolls of identify.
  8872 | D:8      | 8872 ||| IDENTIFYING black potion
  8873 | D:8      | 8873 ||| DROPPING potion of flight.
  8899 | D:9      | 8899 ||| STAIRDANCE
  8950 | D:9      | 8950 ||| STAIRDANCE
  8999 | D:9      | 8999 ||| INVOKING Heroism.
  9033 | D:9      | 9033 ||| Stepping ~*~*~tactically~*~*~ (hiding).
  9040 | D:9      | 9040 ||| INVOKING Heroism.
  9049 | D:9      | Reached skill level 9 in Fighting
  9049 | D:9      | Reached XP level 11. HP: 71/71 MP: 11/14
  9183 | D:9      | 9183 ||| Stepping ~*~*~tactically~*~*~ (stealth).
  9185 | D:9      | 9185 ||| Stepping ~*~*~tactically~*~*~ (stealth).
  9189 | D:9      | Noticed Grum
  9190 | D:9      | 9190 ||| Stepping ~*~*~tactically~*~*~ (stealth).
  9193 | D:9      | 9193 ||| Stepping ~*~*~tactically~*~*~ (hiding).
  9195 | D:9      | 9195 ||| Stepping ~*~*~tactically~*~*~ (stealth).
  9197 | D:9      | 9197 ||| INVOKING Heroism.
  9202 | D:9      | Killed Grum
  9253 | D:9      | Noticed Prince Ribbit
  9298 | D:9      | Killed Prince Ribbit
  9298 | D:9      | Reached *** piety under Okawaru
  9440 | D:9      | Found Elaumim's Antique Weapon Shop.
  9443 | D:9      | 9443 ||| Stepping ~*~*~tactically~*~*~ (hiding).
  9459 | D:9      | 9459 ||| INVOKING Heroism.
  9463 | D:9      | 9463 ||| Stepping ~*~*~tactically~*~*~ (hiding).
  9476 | D:9      | 9476 ||| INVOKING Heroism.
  9483 | D:9      | Reached skill level 12 in Axes
  9491 | D:9      | 9491 ||| INVOKING Heroism.
  9492 | D:9      | HP: 17/71 [orc priest/divine providence (13)]
  9493 | D:9      | 9493 ||| READING 3 scrolls of teleportation.
  9493 | D:9      | HP: 8/71 [orc priest/divine providence (10)]
  9494 | D:9      | 9494 ||| DRINKING potion of heal wounds.
  9591 | D:9      | Found a staircase to the Orcish Mines.
  9601 | D:9      | 9601 ||| Stepping ~*~*~tactically~*~*~ (hiding).
  9603 | D:9      | 9603 ||| INVOKING Heroism.
  9641 | D:9      | 9641 ||| INVOKING Heroism.
  9752 | D:9      | 9752 ||| BUYING glowing broad axe (161 gold).
  9752 | D:9      | Bought a glowing broad axe for 161 gold pieces
  9752 | D:9      | 9752 ||| BUYING runed morningstar (161 gold).
  9752 | D:9      | Bought a runed morningstar for 161 gold pieces
  9752 | D:9      | 9752 ||| SWAPPING to +2 broad axe of venom.
  9753 | D:9      | 9753 ||| DROPPING +1 morningstar of holy wrath.
  9754 | D:9      | 9754 ||| DROPPING +0 vorpal war axe.
  9767 | D:9      | Found the +7 staff of the Meek {protect, meekguard}
  9808 | D:9      | 9808 ||| DROPPING scroll of blinking.
  9827 | D:10     | Entered Level 10 of the Dungeon
  9840 | D:10     | 9840 ||| STAIRDANCE
  9873 | D:10     | 9873 ||| Stepping ~*~*~tactically~*~*~ (stealth).
  9876 | D:10     | 9876 ||| INVOKING Heroism.
  9956 | D:10     | Noticed a two-headed ogre
  9957 | D:10     | 9957 ||| INVOKING Heroism.
  9963 | D:10     | Killed a two-headed ogre
  9967 | D:10     | Reached **** piety under Okawaru
  9973 | D:10     | Noticed an orc knight
  9973 | D:10     | 9973 ||| INVOKING Heroism.
  9974 | D:10     | Noticed a yaktaur captain
  9975 | D:10     | 9975 ||| Stepping ~*~*~tactically~*~*~ (hiding).
  9977 | D:10     | 9977 ||| Stepping ~*~*~tactically~*~*~ (stealth).
  9989 | D:10     | Killed a yaktaur captain
  9989 | D:10     | Noticed a two-headed ogre
  9990 | D:10     | Reached skill level 6 in Shields
  9990 | D:10     | Killed an orc knight
  9995 | D:10     | Killed a two-headed ogre
 10015 | D:10     | Reached ***** piety under Okawaru
 10016 | D:10     | Noticed a centaur warrior
 10021 | D:10     | Killed a centaur warrior
 10022 | D:10     | Reached skill level 6 in Invocations
 10026 | D:10     | Noticed a deep elf pyromancer
 10027 | D:10     | 10027 ||| Stepping ~*~*~tactically~*~*~ (stealth).
 10030 | D:10     | Noticed a manticore
 10031 | D:10     | 10031 ||| INVOKING Heroism.
 10035 | D:10     | Killed a deep elf pyromancer
 10036 | D:10     | Reached XP level 12. HP: 64/77 MP: 13/16
 10071 | D:10     | 10071 ||| Stepping ~*~*~tactically~*~*~ (hiding).
 10078 | D:10     | 10078 ||| Stepping ~*~*~tactically~*~*~ (stealth).
 10163 | D:10     | 10163 ||| Stepping ~*~*~tactically~*~*~ (stealth).
 10170 | D:10     | 10170 ||| Stepping ~*~*~tactically~*~*~ (hiding).
 10172 | D:10     | 10172 ||| Stepping ~*~*~tactically~*~*~ (hiding).
 10176 | D:10     | 10176 ||| DRINKING potion of curing.
 10176 | D:10     | 10176 ||| (to cure confusion)
 10333 | D:10     | 10333 ||| INVOKING Heroism.
 10333 | D:10     | Noticed Psyche
 10345 | D:10     | Reached skill level 1 in Throwing
 10346 | D:10     | Killed Psyche
 10347 | D:10     | 10347 ||| INVOKING Finesse.
 10367 | D:10     | Received a gift from Okawaru
 10414 | D:10     | Noticed a four-headed hydra
 10415 | D:10     | 10415 ||| INVOKING Heroism.
 10416 | D:10     | 10416 ||| INVOKING Finesse.
 10418 | D:10     | 10418 ||| SWAPPING to +4 morningstar.
 10427 | D:10     | Killed a four-headed hydra
 10428 | D:10     | 10428 ||| SWAPPING to +2 broad axe of venom.
 10480 | D:10     | Found a staircase to the Lair.
 10557 | D:10     | Noticed a two-headed ogre
 10569 | D:10     | Killed a two-headed ogre
 10570 | D:10     | Noticed a fire dragon
 10571 | D:10     | 10571 ||| INVOKING Heroism.
 10572 | D:10     | 10572 ||| INVOKING Finesse.
 10583 | D:10     | Killed a fire dragon
 10647 | D:10     | Noticed an ogre mage
 10648 | D:10     | 10648 ||| Stepping ~*~*~tactically~*~*~ (hiding).
 10649 | D:10     | 10649 ||| INVOKING Heroism.
 10651 | D:10     | Paralysed by an ogre mage for 2 turns
 10657 | D:10     | Killed an ogre mage
 10658 | D:10     | Reached skill level 9 in Invocations
 10662 | D:10     | HP: 16/77 [fire crab (shapeshifter)] (14)]
 10663 | D:10     | 10663 ||| READING 8 scrolls of teleportation.
 10664 | D:10     | Reached skill level 13 in Axes
 10664 | D:10     | 10664 ||| DRINKING 2 potions of heal wounds.
 10761 | D:10     | 10761 ||| INVOKING Heroism.
 10924 | D:10     | 10924 ||| Stepping randomly (disturbance).
 10950 | D:10     | 10950 ||| INVOKING Heroism.
 11118 | D:10     | 11118 ||| READING scroll of enchant armour.
 11118 | D:10     | 11118 ||| ENCHANTING +0 pair of boots.
 11165 | D:10     | Noticed a centaur warrior
 11165 | D:10     | Noticed a boulder beetle
 11166 | D:10     | 11166 ||| Stepping ~*~*~tactically~*~*~ (hiding).
 11169 | D:10     | 11169 ||| INVOKING Heroism.
 11170 | D:10     | 11170 ||| INVOKING Finesse.
 11173 | D:10     | Killed a centaur warrior
 11174 | D:10     | Reached skill level 9 in Armour
 11192 | D:10     | Killed a boulder beetle
 11193 | D:10     | Reached XP level 13. HP: 64/82 MP: 13/20
 11246 | D:10     | 11246 ||| PLANNING LAIR
 11246 | D:10     | 11246 ||| UPGRADING to +0 pair of gloves of hurling.
 11251 | D:10     | 11251 ||| READING scroll labelled METIOVU ANNAA.
 11267 | D:10     | 11267 ||| READING scroll labelled ZIADED HYNANOA.
 11268 | D:10     | 11268 ||| READING 6 scrolls of identify.
 11268 | D:10     | 11268 ||| IDENTIFYING glowing coppery potion
 11269 | D:10     | 11269 ||| DROPPING potion of berserk rage.
 11305 | Lair:1   | Entered Level 1 of the Lair of Beasts
 11366 | Lair:1   | 11366 ||| Stepping ~*~*~tactically~*~*~ (stealth).
 11368 | Lair:1   | 11368 ||| Stepping ~*~*~tactically~*~*~ (stealth).
 11369 | Lair:1   | 11369 ||| Stepping ~*~*~tactically~*~*~ (stealth).
 11370 | Lair:1   | 11370 ||| Stepping ~*~*~tactically~*~*~ (stealth).
 11374 | Lair:1   | 11374 ||| INVOKING Heroism.
 11433 | Lair:1   | 11433 ||| Stepping ~*~*~tactically~*~*~ (stealth).
 11487 | Lair:1   | 11487 ||| INVOKING Heroism.
 11491 | Lair:1   | Reached skill level 14 in Axes
 11539 | Lair:1   | 11539 ||| INVOKING Heroism.
 11693 | Lair:1   | 11693 ||| INVOKING Heroism.
 12138 | Lair:2   | 12138 ||| STAIRDANCE
 12162 | Lair:2   | 12162 ||| INVOKING Heroism.
 12251 | Lair:2   | 12251 ||| INVOKING Heroism.
 12257 | Lair:2   | 12257 ||| Stepping ~*~*~tactically~*~*~ (water).
 12258 | Lair:2   | 12258 ||| SWAPPING to +4 morningstar.
 12259 | Lair:2   | 12259 ||| INVOKING Finesse.
 12269 | Lair:2   | HP: 20/84 [seven-headed hydra (6)]
 12270 | Lair:2   | 12270 ||| READING 9 scrolls of teleportation.
 12270 | Lair:2   | HP: 9/84 [eight-headed hydra (7)]
 12270 | Lair:2   | HP: 2/84 [seven-headed hydra (3)]
 12270 | Lair:2   | Slain by a seven-headed hydra

Levels and vault maps discovered:
D:1:      minmay_arrival_glassed_features, layout_loops_ring,
          hellmonk_ecumenical_altar_watching_god
D:2:      layout_loops_corners, uniq_jessica, uniq_natasha,
          uniq_crazy_yiuf_cottage
D:3:      layout_loops_cross, minmay_surrounded
D:4:      layout_loops_ring, mainiacjoe_overflow_catch_the_wave
D:5:      layout_cave_pools, mainiacjoe_overflow_small_starburst,
          grunt_ashenzari_visionary [grunt_ashenzari_visionary_swamp,
          grunt_ashenzari_visionary_snake]
D:6:      layout_basic, minmay_temple_entry_wispy, portal_sewer_entry_d,
          minivault_23, st_stairs_9
D:7:      layout_loops_ring, serial_undead, serial_undead_d, serial_undead_b,
          serial_undead_f, serial_undead_f, serial_undead_e, serial_undead_b,
          serial_undead_c
D:8:      layout_loops_ring, biasface_ghost_orc_armoury, nicolae_two_hexagons,
          dilly_guarded_unrand_elemental_staff
D:9:      layout_cave_pools, david_orc_1_choice, serial_shops,
          nicolae_shop_temple_entry_statues_fountains, pf_guarded_unrand_meek,
          uniq_prince_ribbit1, uniq_grum
D:10:     layout_cave_pods, erik_lair_orcish_takeover, nicolae_rejected_hall,
          uniq_psyche
Temple:   compressed_dpeg_circular_temple
Lair:1:   layout_regular_city
Lair:2:   nzn_winding_woodlands_cross [nzn_winding_woodlands_5x15_split_checker,
          nzn_winding_woodlands_5x15_garden, nzn_winding_woodlands_5x15_cabin,
          nzn_winding_woodlands_5x15_pockets,
          nzn_winding_woodlands_15x15_five_gardens], layout_chaotic_city,
          palyth_hydra_swamp_entry, dummy_snake_entry,
          ebering_ghost_inner_flame, chequers_serial_rivers_large_b,
          st_stairs_10, serial_bayou_shore_a

Skill      XL: |  1  2  3  4  5  6  7  8  9 10 11 12 13 |
---------------+----------------------------------------+-----
Axes           | 2 3 4 5 6 7 8 10 11 12 13 14 | 14.0
Fighting       | 4 5 6 7 9 10 11 | 11.0
Dodging        | 1 2 |  2.0
Armour         | 4 5 6 7 8 9 |  9.0
Shields        | 4 5 6 |  6.7
Invocations    | 1 4 6 10 | 10.0
Throwing       | 2 |  2.2

Action                   |  1- 3 |  4- 6 |  7- 9 | 10-12 | 13-15 || total
-------------------------+-------+-------+-------+-------+-------++-------
Melee: War axe           |    94 |   132 |   262 |   237 |       ||   725
       Broad axe         |       |       |       |   229 |    75 ||   304
       Morningstar       |       |       |       |     7 |    10 ||    17
Throw: Boomerang         |       |    37 |    13 |    21 |    35 ||   106
Invok: Heroism           |       |       |     1 |    25 |     6 ||    32
       Finesse           |       |       |       |     4 |     1 ||     5
  Use: Scroll            |     2 |     2 |    10 |     6 |     4 ||    24
       Potion            |     1 |       |     7 |     5 |       ||    13
Armor: Scale mail        |    42 |    56 |       |       |       ||    98
       Plate armour      |       |    16 |   235 |   244 |    71 ||   566
Dodge: Dodged            |    39 |    57 |    97 |   115 |    33 ||   341
Block: Buckler           |    18 |    25 |    77 |    82 |    20 ||   222

Table legend:
 A = Non-vault XP
 B = Vault XP
 C = Vault XP percentage of total XP
 D = Non-vault monster count
 E = Vault monster count
 F = Vault count percentage of total count
                 A         B        C        D         E       F
            +---------+---------+-------+---------+---------+-------
      Total |   13808 |   25924 |  65.2 |     220 |     105 |  32.3
            +---------+---------+-------+---------+---------+-------
        D:1 |      49 |       0 |   0.0 |      23 |       0 |   0.0
        D:2 |      97 |      73 |  42.9 |      17 |       2 |  10.5
        D:3 |     100 |       7 |   6.5 |      22 |       4 |  15.4
        D:4 |     963 |       0 |   0.0 |      35 |       0 |   0.0
        D:5 |     693 |       0 |   0.0 |      16 |       0 |   0.0
        D:6 |    1208 |     315 |  20.7 |      18 |       4 |  18.2
        D:7 |     614 |     619 |  50.2 |      15 |       9 |  37.5
        D:8 |     654 |    3276 |  83.4 |      11 |      10 |  47.6
        D:9 |    1571 |    2150 |  57.8 |      15 |      22 |  59.5
       D:10 |    2660 |   17723 |  86.9 |      23 |      49 |  68.1
     Lair:1 |    4415 |     808 |  15.5 |      23 |       2 |   8.0
     Lair:2 |     784 |     953 |  54.9 |       2 |       3 |  60.0
            +---------+---------+-------+---------+---------+-------
